 Dungeon Crawl Stone Soup version 0.29.1-12-g30fa7ad0bf (webtiles) character file.

Game seed: 14345691380765717603

142 mampy3000 the Cudgeller (level 5, -9/47 HPs)
             Began as a Minotaur Berserker on Dec 29, 2022.
             Was a Believer of Trog.
             Killed by divine providence
             ... invoked by an orc priest
              (13 damage)
             ... on level 3 of the Dungeon.
             The game lasted 00:05:13 (2185 turns).

mampy3000 the Cudgeller (Minotaur Berserker)        Turns: 2185, Time: 00:05:13

Health: -9/47      AC:  8    Str: 22    XL:     5   Next: 4%
Magic:  4/4        EV: 12    Int:  4    God:    Trog [**....]
Gold:   144        SH:  0    Dex: 11    Spells: 4/4 levels left

rFire   . . .      SeeInvis .   a - +0 mace
rCold   . . .      Faith    .   (no shield)
rNeg    . . .      Spirit   .   l - +0 leather armour
rPois   .          Reflect  .   (helmet restricted)
rElec   .          Harm     .   (no cloak)
rCorr   .          Rampage  .   (no gloves)
Will    .....                   g - +0 pair of boots
Stlth   +.........              (no amulet)
HPRegen 0.15/turn               j - +4 ring of protection
MPRegen 0.09/turn               (no ring)

@: brilliant, on berserk cooldown, slowed, very slow
A: horns 2, retaliatory headbutt
a: Renounce Religion, Berserk, Trog's Hand


You were on level 3 of the Dungeon.
You worshipped Trog.
Trog was pleased with you.
You visited 1 branch of the dungeon, and saw 3 of its levels.

You collected 144 gold pieces.

Inventory:

Hand Weapons
 a - a +0 mace (weapon)
Armour
 g - a +0 pair of boots (worn)
 l - a +0 leather armour (worn)
Jewellery
 j - a +4 ring of protection (left hand)
Scrolls
 c - a scroll of amnesia {unknown}
 d - a scroll of poison {unknown}
 h - 2 scrolls of fear (quivered) {unknown}
 i - 2 scrolls of silence {unknown}
 m - 2 scrolls of immolation {unknown}
Potions
 b - 2 potions of berserk rage {unknown}
 e - a potion of might {unknown}
 f - a potion of haste
 k - a potion of degeneration {unknown}
 n - a potion of brilliance
 o - a potion of invisibility {unknown}
 p - a potion of heal wounds {unknown}


   Skills:
 + Level 4.5 Fighting
 + Level 5.6 Maces & Flails
 + Level 2.9 Armour
 + Level 3.0 Dodging
 + Level 0.4 Stealth


You had 4 spell levels left.
You didn't know any spells.
Your spell library was empty.

Dungeon Overview and Level Annotations

Branches:
Dungeon (3/15)

Altars:
Hepliaklqana


Innate Abilities, Weirdness & Mutations

You have a pair of horns on your head.
You reflexively headbutt those who attack you in melee.


Message History

* * * LOW HITPOINT WARNING * * *
You sock the orc!
You kill the orc!
Trog accepts your kill.
You have reached level 5!
It was a potion of brilliance.
You feel clever all of a sudden. The orc closely misses you.
You furiously retaliate!
You headbutt the orc. The orc hits you with a +0 short sword.
* * * LOW HITPOINT WARNING * * *
Unknown command.
Unknown command.
You closely miss the orc.
The orc is severely wounded.
The orc hits you but does no damage. x2
You thump the orc!
You kill the orc!
Trog accepts your kill. The orc hits you but does no damage.
The orc misses you.
Your Dodging skill increases to level 3!
The orc barely misses you. The orc hits you but does no damage.
Things that are here:
a +0 short sword; a +0 chain mail You hit the orc.
You kill the orc!
Trog accepts your kill.
The kobold throws a stone.
The stone closely misses you.
The kobold throws a stone.
The stone hits you but does no damage. The kobold hits you but does no damage.
Things that are here:
a +0 whip; a +0 short sword; a +0 chain mail The kobold closely misses you.
The kobold barely misses you. You furiously retaliate!
You headbutt the kobold.
You kill the kobold!
Trog accepts your kill.
You hit the orc priest. Your headbutt misses the orc priest.
The orc priest is moderately wounded.
The orc priest mumbles some strange prayers to Beogh against you.
Beogh smites you!
You die...

####### #.....# .....
... #.# .. #.#
########## #...#####.#
#.........
#.....#o#######...>.....
#.)@................
###..######.........
#######.######.........
...................†.).
...####.##########.###.
#.## #...## #..####
###.# . ##....# #.##
#...###.########..#


You could see an orc priest.

Vanquished Creatures
  An iguana (D:3)
  Natasha (twice) (D:3)
  An adder (D:2)
  A worm (D:2)
  2 dart slugs
  3 orcs (D:3)
  7 ball pythons
  2 endoplasms (D:2)
  2 giant cockroaches
  5 goblins
  A hobgoblin (D:1)
  2 jackals (D:1)
  5 kobolds
  5 quokkas
  4 bats
  3 frilled lizards (D:2)
  3 rats (D:2)
49 creatures vanquished.

Notes
Turn   | Place    | Note
-------+----------+-------------------------------------------
     0 | D:1      | mampy3000 the Minotaur Berserker began the quest for the
                  | Orb.
     0 | D:1      | Reached XP level 1. HP: 19/19 MP: 0/0
   285 | D:1      | Reached XP level 2. HP: 27/27 MP: 1/1
   403 | D:1      | Reached skill level 4 in Maces & Flails
  1086 | D:2      | Reached XP level 3. HP: 24/33 MP: 2/2
  1423 | D:2      | Reached ** piety under Trog
  1611 | D:2      | Found a faded altar of an unknown god.
  1862 | D:3      | Noticed Natasha
  1864 | D:3      | Found a hazy altar of Hepliaklqana.
  1865 | D:3      | Killed Natasha
  1866 | D:3      | Reached skill level 5 in Maces & Flails
  1866 | D:3      | Reached XP level 4. HP: 33/41 MP: 3/3
  1888 | D:3      | Noticed Natasha
  1900 | D:3      | Killed Natasha
  2175 | D:3      | HP: 2/41 [orc/+0 club (1)]
  2177 | D:3      | Reached XP level 5. HP: 3/47 MP: 4/4
  2185 | D:3      | Killed from afar by an orc priest

Illustrated notes

Levels and vault maps discovered:
D:1:      elethiomel_arrival_quiet, layout_basic, minmay_misc_feat_pillars
D:2:      layout_basic, chequers_ecumenical_altar_island
D:3:      layout_rooms, brannock_xom_greatest_gift, lemuel_crystal_altar,
          uniq_jessica, uniq_ijyb, uniq_grinder, uniq_natasha

Skill      XL: |  1  2  3  4  5 |
---------------+----------------+-----
Fighting       | 4 |  4.5
Maces & Flails | 4 5 |  5.6
Dodging        | 3 |  3.0
Armour         | |  2.9
Stealth        | |  0.4

Action                   |  1- 3 |  4- 6 || total
-------------------------+-------+-------++-------
Melee: Mace              |    72 |    33 ||   105
       Headbutt          |     4 |     2 ||     6
       Punch             |     2 |     1 ||     3
Invok: Berserk           |       |     1 ||     1
  Use: Potion            |       |     1 ||     1
Armor: Animal skin       |    12 |       ||    12
       Leather armour    |     6 |    12 ||    18
Dodge: Dodged            |    50 |    22 ||    72
